 Dungeon Crawl Stone Soup version 0.30-a0-912-ge10d75a369 (webtiles) character file.

Game seed: 6315131619271306395

23 Drevant2 the Stinger (level 2, -1/19 HPs)
             Began as a Demonspawn Venom Mage on Mar 18, 2023.
             Slain by a hobgoblin (3 damage)
             ... on level 1 of the Dungeon on Mar 19, 2023.
             The game lasted 00:02:15 (974 turns).

Drevant2 the Stinger (Demonspawn Venom Mage)         Turns: 974, Time: 00:02:15

Health: -1/19      AC:  3    Str:  8    XL:     2   Next: 72%
Magic:  2/5        EV: 12    Int: 16    God:
Gold:   91         SH:  0    Dex: 13    Spells: 4/5 levels left

rFire   . . .      SeeInvis .    f - +1 dagger (freeze)
rCold   . . .      Faith    .    (no shield)
rNeg    . . .      Spirit   .    a - +0 robe
rPois   .          Reflect  .    (no helmet)
rElec   .          Rampage  .    (no cloak)
rCorr   .                        (no gloves)
Will    .....                    h - +0 pair of boots
Stlth   ++                       (no amulet)
HPRegen 0.23/turn                (no ring)
MPRegen 0.09/turn                (no ring)

@: no status effects
A: demonic guardian 1
a: no special abilities


You were on level 1 of the Dungeon.
You visited 1 branch of the dungeon, and saw 1 of its levels.

You collected 91 gold pieces.

Inventory:

Hand Weapons
 f - a +1 dagger of freezing (weapon)
Armour
 a - a +0 robe (worn)
 h - a +0 pair of boots (worn)
Jewellery
 d - a +6 ring of strength
Scrolls
 e - a scroll of fear {unknown}
 g - a scroll of enchant armour {unknown}
Potions
 b - a potion of magic
 c - a potion of curing {unknown}


   Skills:
 - Level 1.7 Dodging
 - Level 1.7 Stealth
 - Level 2.0 Spellcasting
 + Level 1.8 Transmutations
 + Level 3.5 Poison Magic


You had 4 spell levels left.
You knew the following spells:

 Your Spells              Type           Power      Damage    Failure   Level
a - Sting                 Tmut/Pois      40%        1d5       7%          1

Your spell library contained the following spells:

 Spells                   Type           Power      Damage    Failure   Level
 Poisonous Vapours        Pois/Air       14%        N/A       16%         2
 Mephitic Cloud           Conj/Pois/Air  5%         N/A       36%         3
 Olgreb's Toxic Radiance  Pois           13%        N/A       43%         4


Dungeon Overview and Level Annotations

Branches:
Dungeon (1/15)

Altars:


Innate Abilities, Weirdness & Mutations

A weak demonic guardian rushes to your aid.


Message History

The kobold hits you with a +0 short sword.
You barely miss the kobold. The hobgoblin hits you.
* * * LOW HITPOINT WARNING * * *
The kobold misses you.
You are too injured to fight recklessly!
Casting: Sting (safe; 7% risk of failure)
Confirm with . or Enter, or press ? or * to list all spells.
Aiming: Sting (safe; 7% risk of failure)
Press: ? - help, Shift-Dir - straight line, f - kobold
Aim: a kobold, wielding a +0 short sword (64% to hit)
The sting misses the kobold.
The hobgoblin barely misses you.
The kobold hits you with a +0 short sword.
* * * LOW HITPOINT WARNING * * *
Casting: Sting (safe; 7% risk of failure)
Confirm with . or Enter, or press ? or * to list all spells.
Aiming: Sting (safe; 7% risk of failure)
Press: ? - help, Shift-Dir - straight line, f/p - kobold
Aim: a kobold, wielding a +0 short sword (64% to hit)
The sting misses the kobold.
The hobgoblin closely misses you.
The kobold hits you with a +0 short sword.
* * * LOW HITPOINT WARNING * * *
A demonic guardian appears!
The kobold barely misses you.
Your ufetubus hits the hobgoblin but does no damage.
Your ufetubus barely misses the hobgoblin.
Your ufetubus barely misses the hobgoblin. x2
Your ufetubus hits the kobold.
Your ufetubus closely misses the kobold.
Casting: Sting (safe; 7% risk of failure)
Confirm with . or Enter, or press ? or * to list all spells.
Aiming: Sting (safe; 7% risk of failure)
Press: ? - help, Shift-Dir - straight line, f/p - kobold
Aim: a kobold, wielding a +0 short sword (moderately wounded, 64% to hit)
The sting misses the hobgoblin.
The sting hits the kobold.
The kobold is poisoned.
You kill the kobold!
The hobgoblin hits you.
* * * LOW HITPOINT WARNING * * *
The hobgoblin attacks as you move away! The hobgoblin hits you.
You die...

......#........ ###.#
>.#.###........ ####...
.... ....# #.....###
#.....# ####.#
....###......###
......#####.....
.........)......
#.....+.....#+##
............###
#.....#####.'.+.
######......## #.....#
###.##
######.####..#####.....#
#.#. .......#
#.....@g5...# #.#.
######## #........##.#
#.## #........# #...
###########........#
####
#.........#........#
#.........#........#
#.........#........#
#.........######+###
#..................


You could see a hobgoblin (ally target) and a friendly ufetubus (summoned).

Vanquished Creatures
  A dart slug (D:1)
  A ball python (D:1)
  An endoplasm (D:1)
  5 goblins (D:1)
  2 hobgoblins (D:1)
  A quokka (D:1)
  2 bats (D:1)
  A frilled lizard (D:1)
  3 kobolds (D:1)
  3 rats (D:1)
20 creatures vanquished.

Notes
Turn   | Place    | Note
-------+----------+-------------------------------------------
     0 | D:1      | Drevant2 the Demonspawn Venom Mage began the quest for the
                  | Orb.
     0 | D:1      | Reached XP level 1. HP: 13/13 MP: 3/3
    58 | D:1      | Reached skill level 1 in Transmutations
   359 | D:1      | Gained mutation: A weak demonic guardian rushes to your
                  | aid. [demonic ancestry]
   359 | D:1      | Reached XP level 2. HP: 19/19 MP: 1/5
   392 | D:1      | Upgraded the game from 0.30-a0-897-ga2f19c967e to
                  | 0.30-a0-912-ge10d75a369
   974 | D:1      | Slain by a hobgoblin

Illustrated notes

Levels and vault maps discovered:
D:1:      ncdulo_smallfort, layout_basic, dk_noncrumbling_4, minmay_3d_cube

Skill      XL: |  1 |
---------------+----+-----
Transmutations | 1 |  1.8
Dodging        | |  1.7
Stealth        | |  1.7
Spellcasting   | |  2.0
Poison Magic   | |  3.5

Action                     || total
---------------------------++-------
  Melee: Dagger            ||    45
         Unarmed           ||     5
   Cast: Sting             ||    18
 Armour: Robe              ||     4
  Dodge: Dodged            ||    22

Table legend: (Time is in decaauts)
 A = Elapsed time spent in this place.
 B = Non-inter-level travel time spent in this place.
 C = Inter-level travel time spent in this place.
 D = Time resting spent in this place.
 E = Time spent auto-exploring this place.
 F = Levels seen in this place.
 G = Mean time per level.
                   A        B        C        D        E       F      G
               +--------+--------+--------+--------+--------+-----+--------+
         Total |    973 |    973 |      0 |    391 |    423 |   1 |  973.0 |
       Dungeon |    973 |    973 |      0 |    391 |    423 |   1 |  973.0 |
               +--------+--------+--------+--------+--------+-----+--------+

Top non-repeatable levels by time:
     D:1: 973 daAuts
